 Seeded DCSS version 0.24-a0-194-g9bee6eb (webtiles) character file.

Game seed: 6453223872703145352

29064 Ivan the Severer (level 13, 0/114 HPs)
             Began as a Minotaur Fighter on Mar 18, 2019.
             Was the Champion of the Shining One.
             Killed from afar by a molten gargoyle (13 damage)
             ... with a bolt of magma
             ... in a volcano.
             The game lasted 00:47:53 (12203 turns).

Ivan the Severer (Minotaur Fighter)                Turns: 12203, Time: 00:47:53

Health: 0/114      AC: 24    Str: 26    XL:     13   Next: 13%
Magic:  12/12      EV:  6    Int:  5    God:    the Shining One [******]
Gold:   919        SH: 12    Dex: 10    Spells: 12/12 levels left

rFire    + . .     SeeInvis .   d - +4 trident "Metoz" {venom, *Slow +Rage rPois rN+}
rCold    + . .     Gourm    .   c - +0 shield
rNeg     + + +     Faith    +   E - +4 plate armour
rPois    +         Spirit   .   N - +0 hat {MR+}
rElec    +         Reflect  .   q - +1 cloak
rCorr    +         Harm     .   F - +1 pair of gloves
MR       +....                  o - +0 pair of boots
Stlth    ..........             H - amulet of faith
HPRegen  0.29/turn              L - ring of resist corrosion
MPRegen  0.13/turn              C - ring of flight

@: about to teleport, resistant, berserk cooldown, glowing
A: retaliatory headbutt, horns 2
a: Divine Shield, Cleansing Flame, Summon Divine Warrior, Brand Weapon With Holy
Wrath, Renounce Religion, Evoke Berserk Rage, Evoke Flight


You were in a volcano.
You worshipped the Shining One.
The Shining One was exalted by your worship.
You were not hungry.

You visited 2 branches of the dungeon, and saw 15 of its levels.
You also visited: Volcano.

You collected 919 gold pieces.

Inventory:

Hand Weapons
 d - the +4 trident "Metoz" (weapon) {venom, *Slow +Rage rPois rN+}
   (You found it on level 11 of the Dungeon)

   It poisons the flesh of those it strikes.
   It protects you from poison.
   It protects you from negative energy.
   It lets you go berserk.
   It may slow you when you take damage.
Armour
 c - a +0 shield (worn)
 o - a +0 pair of boots (worn)
 q - a +1 cloak (worn)
 E - a +4 plate armour (worn)
 F - a +1 pair of gloves (worn)
 N - a +0 hat of magic resistance (worn)
Jewellery
 a - the amulet "Awnair" {+Rage rElec Str+3, unknown}
   (You found it on level 13 of the Dungeon)

   [amulet of rage]

   It affects your strength (+3).
   It insulates you from electricity.
   It lets you go berserk.
 s - an uncursed ring of stealth
 C - a ring of flight (right hand)
 H - an amulet of faith (around neck)
 L - a ring of resist corrosion (left hand)
Wands
 b - a wand of flame (13)
 n - a wand of polymorph (5)
 t - a wand of paralysis (32)
 u - a wand of scattershot (12)
 K - a wand of iceblast (14)
Scrolls
 g - 4 scrolls of enchant weapon
 h - 2 scrolls of amnesia
 l - a scroll of identify
 m - 5 scrolls of remove curse
 p - 4 scrolls of teleportation
 w - 4 scrolls of blinking
 A - a scroll of random uselessness {unknown}
 G - 3 scrolls of fog
Potions
 e - a potion of invisibility {unknown}
 i - 2 potions of cancellation {unknown}
 j - a potion of magic {unknown}
 k - 2 potions of degeneration {unknown}
 x - 2 potions of berserk rage
 z - 3 potions of resistance
 B - 2 potions of haste {unknown}
 D - 3 potions of lignification
Comestibles
 f - 23 rations


   Skills:
 + Level 10.6 Fighting
   Level 16.9(18.0) Axes
 * Level 11.1(15.2) Polearms
 + Level 9.9 Armour
 + Level 10.2 Shields
 + Level 0.3 Invocations
 + Level 0.9 Evocations


You had 12 spell levels left.
You didn't know any spells.
Your spell library contained the following spells:

 Spells                   Type           Power        Failure   Level  Hunger
 Corona                   Hex            #......      100%        1    ##.....
 Summon Small Mammal      Summ           #...         100%        1    ##.....
 Call Imp                 Summ           #.......     100%        2    ###....
 Ensorcelled Hibernation  Hex/Ice        #.....       100%        2    ###....
 Call Canine Familiar     Summ           #.......     100%        3    ####...
 Confuse                  Hex            #.......     100%        3    ####...
 Dazzling Spray           Conj/Hex       #.....       100%        3    ####...
 Summon Guardian Golem    Hex/Summ       #.......     100%        3    ####...
 Tukima's Dance           Hex            #.......     100%        3    ####...
 Summon Ice Beast         Ice/Summ       #.......     100%        4    #####..
 Summon Lightning Spire   Summ/Air       #.......     100%        4    #####..


Dungeon Overview and Level Annotations

Branches:
Dungeon (14/15)            Temple (0/1) D:5            Lair (1/6) D:10
    Orc (0/2) D:10         Vaults (0/5) D:13

Altars:
Ashenzari
Cheibriados
Fedhas
Gozag
Makhleb
Nemelex Xobeh
Sif Muna
Trog
Uskayaw
Vehumet
Wu Jian
Yredelemnul
The Shining One

Shops:
D:6 %   D:7 =   D:9 }   D:10 (}   D:11 (   D:12 *   D:13 [

Annotations:
D:7 3 runed translucent doors, Lubreruc's ghost, novice SpEn; Wouzxegu's ghost, novice DrAE


Innate Abilities, Weirdness & Mutations

You reflexively headbutt those who attack you in melee.
You have a pair of horns on your head.


Message History

The molten gargoyle is lightly damaged.
The molten gargoyle blasts magma at you!
The bolt of magma hits you!! You partially resist.
* * * LOW HITPOINT WARNING * * *
Okay, then.
You feel better. You block the molten gargoyle's attack.
Okay, then.
As you read the scroll of teleportation, it crumbles to dust.
You feel strangely unstable. You block the molten gargoyle's attack.
You hit the molten gargoyle but do no damage.
The molten gargoyle is lightly damaged.
The molten gargoyle hits you but does no damage.
You hit the molten gargoyle but do no damage.
You headbutt the molten gargoyle.
The molten gargoyle is moderately damaged.
You completely miss the molten gargoyle.
The molten gargoyle is moderately damaged.
The molten gargoyle blasts magma at you!
The bolt of magma hits you! You partially resist.
You die...

§§≈§§≈§≈≈§≈≈§§§...≈≈≈≈≈≈≈≈§≈≈§≈§§
≈§≈≈≈§≈≈≈≈≈§§§≈≈≈≈≈≈≈≈§≈≈≈≈§≈≈≈§§
≈≈≈§≈§≈§≈≈≈§≈≈≈≈≈≈§§§§§≈§§≈≈≈§≈§§
≈≈§§≈°§≈§≈≈≈≈≈≈≈§≈≈§§≈§§§≈≈≈≈§§§≈
≈≈≈§§§≈≈≈≈≈≈≈≈§§≈≈≈≈≈≈≈≈≈§≈§≈≈≈≈§
≈≈§≈≈○≈≈≈≈≈≈≈≈§≈§§≈§≈≈≈≈≈§≈§≈§≈§§
≈≈§ §≈≈§≈≈§≈..§§...§....§.§..§§≈
§≈§ ○°≈≈§≈≈.########'########.§≈
°§§ °○§≈§≈§°#..@...#.# #.≈≈ °§§
°≈°≈§§≈.#..9$#.#.# ≈§≈
○≈○≈≈≈≈°#.$?!#.#.# §≈§
§○≈§≈≈≈.#.$)$#.#.# #.≈≈ §≈≈
§≈°≈°§§.######.#.# #.§§ §≈≈
§§§≈≈≈§.#......#)# #.≈§ §§≈
§§§§≈≈≈.###''###)### #.≈§ ≈≈≈
§≈≈≈≈≈≈.#....#.....# #§≈§ §≈≈
§≈§§§≈§.#.∩..#.8_8.#.. #.≈§


You could see a molten gargoyle.

Vanquished Creatures
  Gastronok (D:11)
  Snorg (D:13)
  2 vault guards (D:13)
  2 hydras (D:12)
  A centaur warrior (D:13)
  Erica (D:8)
  A two-headed ogre (D:11)
  4 ugly things
  An orc sorcerer (Volcano)
  2 spiny frogs (Lair:1)
  A smoke demon (Volcano)
  2 red devils (Volcano)
  A troll (D:10)
  A hornet (D:11)
  A meliai zombie (D:14)
  Grinder (D:4)
  Prince Ribbit (D:6)
  A hippogriff (Lair:1)
  Sigmund (D:3)
  A vampire (D:12)
  11 humans
  28 yaks
  Eustachio (D:4)
  2 fire bats (Volcano)
  3 hogs (D:8)
  Grum (D:9)
  3 vampire mosquitoes (D:13)
  A hungry ghost (D:12)
  Menkaure (D:6)
  An acid dragon (D:12)
  A water moccasin (Lair:1)
  Duvessa (D:4)
  3 sky beasts
  10 orc warriors
  4 ice beasts
  5 ogres
  5 phantoms
  A black bear (D:6)
  An eye of draining (D:11)
  6 necrophages
  11 centaurs
  6 wolves
  2 crocodiles (Lair:1)
  A big kobold (D:10)
  8 bullfrogs
  Dowan (D:4)
  3 wyvern skeletons
  3 scorpions
  A water moccasin zombie (D:9)
  3 wights (D:7)
  26 killer bees
  2 howler monkeys
  A spectral bullfrog (D:11)
  4 bullfrog zombies
  5 lava snakes (Volcano)
  4 crimson imps
  8 hounds
  A quasit (D:10)
  3 jellies
  4 orc priests
  2 bullfrog skeletons
  4 iguanas
  6 centaur skeletons
  13 orc wizards
  9 worker ants
  3 hound skeletons
  3 hound zombies
  A howler monkey zombie (D:11)
  A worker ant zombie (D:9)
  5 adders
  2 howler monkey skeletons
  3 shadow imps
  An ooze (D:5)
  3 adder zombies
  2 adder skeletons
  5 worms
  2 leopard geckos
  43 orcs
  3 ball pythons
  6 giant cockroaches
  8 hobgoblins
  6 jackals
  7 quokkas
  A ball python zombie (D:5)
  5 bats
  4 frilled lizards
  8 goblins
  13 kobolds
  A leopard gecko zombie (D:6)
  A quokka skeleton (D:7)
  A quokka zombie (D:9)
  10 rats
  A bush (D:9)
  3 plants (D:9)
399 creatures vanquished.

Notes
Turn   | Place    | Note
-------+----------+-------------------------------------------
     0 | D:1      | Ivan the Minotaur Fighter began the quest for the Orb.
     0 | D:1      | Reached XP level 1. HP: 19/19 MP: 0/0
   323 | D:1      | Reached XP level 2. HP: 27/27 MP: 1/1
   772 | D:2      | Reached skill level 3 in Axes
   812 | D:2      | Reached XP level 3. HP: 32/33 MP: 2/2
  1199 | D:3      | Reached skill level 4 in Axes
  1200 | D:3      | Found an opulent altar of Gozag.
  1232 | D:3      | Reached XP level 4. HP: 40/40 MP: 3/3
  1275 | D:3      | Found a burning altar of Makhleb.
  1275 | D:3      | Found a hide-covered altar of Uskayaw.
  1277 | D:3      | Found a basalt altar of Yredelemnul.
  1280 | D:3      | Found a sparkling altar of Nemelex Xobeh.
  1281 | D:3      | Found a glowing golden altar of the Shining One.
  1292 | D:3      | Became a worshipper of the Shining One
  1607 | D:3      | Reached skill level 5 in Axes
  1615 | D:3      | Reached XP level 5. HP: 43/46 MP: 4/4
  1731 | D:3      | Noticed Sigmund
  1747 | D:3      | Killed Sigmund
  1747 | D:3      | Reached skill level 6 in Axes
  1747 | D:3      | Reached XP level 6. HP: 43/53 MP: 5/5
  1926 | D:4      | Noticed Eustachio
  1943 | D:4      | Killed Eustachio
  1943 | D:4      | Reached skill level 7 in Axes
  1976 | D:4      | Reached XP level 7. HP: 42/60 MP: 6/6
  2094 | D:4      | Reached * piety under the Shining One
  2233 | D:4      | Reached skill level 8 in Axes
  2331 | D:4      | Reached skill level 5 in Armour
  2331 | D:4      | Reached skill level 5 in Shields
  2539 | D:4      | Noticed Duvessa
  2539 | D:4      | Noticed Dowan
  2545 | D:4      | Killed Duvessa
  2545 | D:4      | Reached skill level 5 in Fighting
  2545 | D:4      | Reached skill level 9 in Axes
  2547 | D:4      | Killed Dowan
  2547 | D:4      | Reached XP level 8. HP: 31/68 MP: 7/7
  2580 | D:4      | Noticed Grinder
  2580 | D:4      | Paralysed by Grinder for 2 turns
  2586 | D:4      | Killed Grinder
  2901 | D:4      | Found a radiant altar of Vehumet.
  3163 | D:5      | Entered Level 5 of the Dungeon
  3257 | D:5      | Reached skill level 10 in Axes
  3425 | D:5      | Found a staircase to the Ecumenical Temple.
  3553 | D:5      | Noticed a moth of wrath
  3556 | D:5      | Found a bloodstained altar of Trog.
  3959 | D:6      | Reached skill level 11 in Axes
  4152 | D:6      | Reached XP level 9. HP: 51/75 MP: 8/8
  4293 | D:6      | Reached ** piety under the Shining One
  4357 | D:6      | Found Boxaf's Food Shoppe.
  4500 | D:6      | Noticed Menkaure
  4503 | D:6      | Killed Menkaure
  4621 | D:6      | Noticed Prince Ribbit
  4625 | D:6      | Killed Prince Ribbit
  4625 | D:6      | Reached skill level 12 in Axes
  4876 | D:7      | Found Jaufap's Jewellery Emporium.
  4915 | D:7      | Reached skill level 13 in Axes
  5081 | D:7      | Reached *** piety under the Shining One
  5254 | D:7      | Found a runed translucent gate.
  5254 | D:7      | Found a runed translucent gate.
  5254 | D:7      | Found a runed translucent gate.
  5254 | D:7      | Noticed Wouzxegu's ghost (novice DrAE)
  5255 | D:7      | Noticed Lubreruc's ghost (novice SpEn)
  5304 | D:7      | Found a deep blue altar of Sif Muna.
  5660 | D:8      | Reached XP level 10. HP: 84/84 MP: 9/9
  6030 | D:8      | Reached skill level 14 in Axes
  6175 | D:8      | Noticed Erica
  6191 | D:8      | Killed Erica
  6254 | D:8      | Found a shattered altar of Ashenzari.
  6275 | D:8      | Found a burning altar of Makhleb.
  6414 | D:9      | Found a blossoming altar of Fedhas.
  6424 | D:9      | Found Olagh's Gadget Shoppe.
  6452 | D:9      | Reached **** piety under the Shining One
  6483 | D:9      | Reached skill level 15 in Axes
  6512 | D:9      | Noticed Grum
  6535 | D:9      | Killed Grum
  6548 | D:9      | HP: 4/88 [poisoned by Grum]
  6554 | D:9      | HP: 2/88 [poisoned by Grum]
  6560 | D:9      | HP: 2/88 [poisoned by Grum]
  6568 | D:9      | HP: 2/88 [poisoned by Grum]
  6982 | D:9      | Reached XP level 11. HP: 51/94 MP: 10/10
  7620 | D:10     | Entered Level 10 of the Dungeon
  7663 | D:10     | Found Ruragra's Antique Weapon Boutique.
  7700 | D:10     | Reached ***** piety under the Shining One
  7945 | D:10     | Found an ornate altar of the Wu Jian Council.
  7967 | D:10     | Found a staircase to the Lair.
  7995 | D:10     | Found Ohej's Gadget Boutique.
  8201 | D:10     | Found Keita's Antique Weapon Shop.
  8210 | D:10     | Reached skill level 16 in Axes
  8237 | D:10     | Found a staircase to the Orcish Mines.
  9106 | D:11     | Got an encrusted trident
  9107 | D:11     | Identified the +4 trident "Metoz" {venom, *Slow +Rage rPois
                  | rN+} (You found it on level 11 of the Dungeon)
  9132 | D:11     | Reached skill level 1 in Polearms
  9198 | D:11     | Noticed Gastronok
  9215 | D:11     | Killed Gastronok
  9215 | D:11     | Reached XP level 12. HP: 105/105 MP: 11/11
  9231 | D:11     | Found Tibiwegroatt's Weapon Shop.
  9343 | D:11     | Noticed a two-headed ogre
  9350 | D:11     | Killed a two-headed ogre
  9350 | D:11     | Reached skill level 5 in Polearms
  9577 | D:12     | Found Manymaum's Elemental Accessories.
  9657 | D:12     | Reached skill level 10 in Fighting
  9723 | D:12     | Noticed a five-headed hydra
  9723 | D:12     | Reached ****** piety under the Shining One
  9733 | D:12     | Killed a five-headed hydra
  9779 | D:12     | Found a snail-covered altar of Cheibriados.
  9978 | D:12     | Noticed a five-headed hydra
  9987 | D:12     | Killed a five-headed hydra
 10263 | D:13     | Noticed a vault guard
 10268 | D:13     | Noticed a vault guard
 10290 | D:13     | Killed a vault guard
 10300 | D:13     | Killed a vault guard
 10383 | D:13     | Noticed Snorg
 10397 | D:13     | Killed Snorg
 10670 | D:13     | Got an ancient pewter amulet
 10744 | D:13     | Noticed a centaur warrior
 10754 | D:13     | Killed a centaur warrior
 10754 | D:13     | Reached skill level 10 in Polearms
 10800 | D:13     | Found Wanaesas's Armour Emporium.
 10870 | D:13     | Found a gate to the Vaults.
 11017 | D:14     | Noticed a centaur warrior
 11019 | D:14     | Noticed a centaur warrior
 11367 | Lair:1   | Entered Level 1 of the Lair of Beasts
 11424 | Lair:1   | Reached skill level 10 in Shields
 11441 | Lair:1   | Found a dark tunnel.
 11442 | Lair:1   | Reached XP level 13. HP: 93/113 MP: 12/12
 11453 | Volcano  | Entered a volcano
 12116 | Volcano  | Found a burning altar of Makhleb.
 12150 | Volcano  | Paralysed by an orc sorcerer for 5 turns
 12198 | Volcano  | HP: 1/114 [molten gargoyle/bolt of magma (22)]
 12203 | Volcano  | Killed from afar by a molten gargoyle

Levels and vault maps discovered:
D:1:      evilmike_arrival_crescent, layout_loops_ring, minmay_tetromino_l4
D:2:      layout_basic
D:3:      layout_basic, grunt_temple_overflow_open, grunt_gozag_statues,
          st_stairs_1, uniq_sigmund
D:4:      layout_gridville, marbit_many_paths, first_ration, uniq_duvessa,
          uniq_grinder, uniq_eustachio
D:5:      layout_cave_pods, minmay_temple_entry_sparse_star, tgw_trog
D:6:      layout_gridville, serial_shops,
          nicolae_shop_temple_entry_statues_fountains, lightli_orcish_oven,
          uniq_menkaure, uniq_prince_ribbit1
D:7:      layout_basic, led_sif_book, gammafunk_ghost_cemetery, serial_shops,
          shop
D:8:      layout_cave_pools, nicolae_overflow_crystal_walls, grunt_livestock,
          makhleb_blood_cavern_becter, uniq_erica
D:9:      layout_basic, fedhas_altar_decomposition, serial_shops, shop,
          uniq_grum
D:10:     layout_stronghold, lair_entry_dummy, david_orc_2, serial_shops, shop,
          shop_statue, shop, basic_altar
D:11:     layout_basic, serial_shops, shop, hangedman_weighted_door,
          uniq_gastronok
D:12:     layout_gridville, basic_altar, nicolae_elemental_shop
D:13:     layout_cave_pools, ximxim_vaults_locker_room, serial_shops,
          shop_statue, uniq_snorg
D:14:     layout_basic, kennysheep_path_1, kennysheep_generic_room_4,
          uniq_nessos, uniq_roxanne
Lair:1:   lemuel_ratsnest, layout_hall_layers, enter_volcano_1,
          chequers_serial_rivers_room_b
Volcano:  volcano_lake [vl_original]

Skill      XL: |  1  2  3  4  5  6  7  8  9 10 11 12 13 |
---------------+----------------------------------------+-----
Axes           | 3 4 5 6 7 9 11 13 15 16 | 16.9
Fighting       | 4 5 6 8 9 10 | 10.6
Armour         | 4 5 6 7 8 9 |  9.9
Shields        | 4 5 6 7 9 10 | 10.2
Polearms       | 4 10 11 | 11.1
Invocations    | |  0.3
Evocations     | |  0.9

Action                   |  1- 3 |  4- 6 |  7- 9 | 10-12 | 13-15 || total
-------------------------+-------+-------+-------+-------+-------++-------
Melee: War axe           |    79 |   100 |   246 |   484 |       ||   909
       Headbutt          |    14 |    14 |    48 |   155 |     9 ||   240
       Trident           |       |       |       |   277 |    52 ||   329
Invok: Divine Shield     |       |       |       |       |     2 ||     2
       Cleansing Flame   |       |       |       |       |     1 ||     1
Evoke: Wand              |       |       |     4 |       |       ||     4
  Use: Potion            |       |       |     3 |     3 |     5 ||    11
       Scroll            |       |       |     5 |    15 |     2 ||    22
  Eat: Chunk             |       |     3 |    11 |     9 |       ||    23
       Ration            |       |       |       |     4 |     1 ||     5
Armor: Scale mail        |    33 |    50 |    11 |       |       ||    94
       Plate armour      |       |       |    73 |   338 |    41 ||   452
Dodge: Dodged            |    16 |    31 |    36 |   128 |    13 ||   224
Block: Shield            |    36 |    43 |   104 |   345 |    55 ||   583

Table legend:
 A = Non-vault XP
 B = Vault XP
 C = Vault XP percentage of total XP
 D = Non-vault monster count
 E = Vault monster count
 F = Vault count percentage of total count
                 A         B        C        D         E       F
            +---------+---------+-------+---------+---------+-------
      Total |   25032 |   16489 |  39.7 |     310 |      85 |  21.5
            +---------+---------+-------+---------+---------+-------
        D:1 |      15 |       4 |  21.1 |      10 |       3 |  23.1
        D:2 |      60 |       0 |   0.0 |      17 |       0 |   0.0
        D:3 |     181 |     229 |  55.9 |      33 |       3 |   8.3
        D:4 |     556 |     687 |  55.3 |      21 |       4 |  16.0
        D:5 |     499 |       9 |   1.8 |      15 |       5 |  25.0
        D:6 |     818 |     554 |  40.4 |      13 |       8 |  38.1
        D:7 |    1819 |      70 |   3.7 |      33 |       2 |   5.7
        D:8 |    1290 |    2087 |  61.8 |      21 |       8 |  27.6
        D:9 |    1914 |    1005 |  34.4 |      24 |      12 |  33.3
       D:10 |    2830 |     157 |   5.3 |      46 |       8 |  14.8
       D:11 |    7227 |    3279 |  31.2 |      44 |       6 |  12.0
       D:12 |    3821 |       0 |   0.0 |      12 |       0 |   0.0
       D:13 |    1893 |    5153 |  73.1 |      10 |      13 |  56.5
       D:14 |     274 |       0 |   0.0 |       1 |       0 |   0.0
     Lair:1 |    1835 |       0 |   0.0 |      10 |       0 |   0.0
    Volcano |       0 |    3255 | 100.0 |       0 |      13 | 100.0
            +---------+---------+-------+---------+---------+-------
